 Dungeon Sprint DCSS version 0.21-a0-278-ga722497 (webtiles) character file.

63 Mitsuki the Covered (level 3, -2/37 HPs)
             Began as a Minotaur Fighter on Sept 21, 2017.
             Slain by an orc wizard
             ... wielding a +0 dagger
              (3 damage)
             ... in the Dungeon (Sprint IX: "|||||||||||||||||||||||||||||").
             The game lasted 00:00:19 (48 turns).

Mitsuki the Covered (Minotaur Fighter)                Turns: 48, Time: 00:00:20

Health: -2/37      AC:  7    Str: 21    XL:     3   Next: 87%
Magic:  2/2        EV:  7    Int:  5    God:
Gold:   0          SH: 10    Dex:  9    Spells: 2/2 levels left

rFire    . . .     SeeInvis .   a - +0 long sword
rCold    . . .     Gourm    .   c - +0 shield
rNeg     . . .     Faith    .   b - +0 scale mail
rPois    .         Spirit   .   (helmet restricted)
rElec    .         Reflect  .   (no cloak)
rCorr    .         Harm     .   (no gloves)
MR       .....     NoTele   +   (no boots)
Stlth    ..........             (no amulet)
HPRegen  0.12/turn              (no ring)
MPRegen  0.08/turn              (no ring)

@: no status effects
A: retaliatory headbutt, horns 2
a: no special abilities


You were in the Dungeon.
You were not hungry.

You visited 1 branch

Inventory:

Hand Weapons
 a - a +0 long sword (weapon)
Armour
 b - a +0 scale mail (worn)
 c - a +0 shield (worn)
Scrolls
 k - a scroll of blinking
Potions
 d - a potion of might
 e - a potion of curing
 g - a potion of heal wounds
 h - a potion of haste
 i - 2 potions of magic
 j - a potion of berserk rage
Comestibles
 f - a bread ration


   Skills:
 + Level 5.8 Fighting
 + Level 5.0 Long Blades
 + Level 5.9 Armour
 + Level 5.7 Shields


You had 2 spell levels left.
You didn't know any spells.

Dungeon Overview and Level Annotations

Branches:
Dungeon (1/1)

Altars:


Innate Abilities, Weirdness & Mutations

You reflexively headbutt those who attack you in melee.
You have a pair of horns on your head.


Message History

A magic dart appears from out of thin air!
The magic dart hits you!
* * * LOW HITPOINT WARNING * * *
Something hits you.
* * * LOW HITPOINT WARNING * * *
There is an open door, spattered with blood here.
You bump into the unnaturally hard rock wall.
You hear some strange, mumbled words.
A puff of flame appears from out of thin air!
The puff of flame hits you!
* * * LOW HITPOINT WARNING * * *
You bump into the unnaturally hard rock wall.
Something hits you but does no damage.
You bump into the unnaturally hard rock wall.
You feel less confused. Something hits you but does no damage.
You miss something. You headbutt something.
Something hits you but does no damage. x2
You closely miss something. Something hits you.
You die... ▓▓▓▓▓▓▓▓▓▓▓▓▓▓▓▓▓▓ +....{@....††...<▓ ▓▓▓▓▓▓▓▓▓▓▓▓▓▓▓▓▓▓

There were no monsters in sight!

Vanquished Creatures
  A hound (D)
  A worker ant (D)
  A dart slug (D)
  A bat skeleton (D)
  A bat zombie (D)
  2 goblins (D)
  A bat (D)
  A frilled lizard (D)
9 creatures vanquished.

Notes
Turn   | Place    | Note
-------+----------+-------------------------------------------
     0 | D        | Mitsuki the Minotaur Fighter began the quest for the Orb.
     0 | D        | Reached XP level 1. HP: 19/19 MP: 0/0
    27 | D        | Noticed an orc wizard
    27 | D        | Noticed a worker ant
    27 | D        | Noticed a hound
    28 | D        | Reached XP level 2. HP: 28/28 MP: 1/1
    32 | D        | Reached skill level 5 in Fighting
    32 | D        | Reached skill level 5 in Armour
    32 | D        | Reached skill level 5 in Shields
    32 | D        | Reached XP level 3. HP: 31/36 MP: 2/2
    39 | D        | Reached skill level 5 in Long Blades
    44 | D        | HP: 1/37 [something/puff of flame (5)]
    48 | D        | Slain by an orc wizard

Vault maps used:
D:        linesprint

Skill      XL: |  1  2  3 |
---------------+----------+-----
Armour         | 4 5 |  5.9
Fighting       | 4 5 |  5.8
Shields        | 4 5 |  5.7
Long Blades    | 3 4 5 |  5.0

Action                   || total
-------------------------++-------
Melee: Long sword        ||    30
       Headbutt          ||     7
Armor: Scale mail        ||    14
Dodge: Dodged            ||     8
Block: Shield            ||    20
       Rpst.: Long sword ||     3

Table legend:
 A = Spawn XP
 B = Non-spawn XP
 C = Spawn XP percentage of total XP
 D = Spawn monster count
 E = Non-spawn monster count
 F = Spawn count percentage of total count
 G = Total turns spent on level
                    A         B        C        D         E        F      G
               +---------+---------+-------+---------+---------+-------+---------
         Total |       0 |      90 |   0.0 |       0 |       9 |   0.0 |    48
               +---------+---------+-------+---------+---------+-------+---------
             D |       0 |      90 |   0.0 |       0 |       9 |   0.0 |    48
               +---------+---------+-------+---------+---------+-------+---------
